[ AOE2 MATCH · #505739430 ]
UnrankedMaya vs Malay
Player's team · WIN
Rival team · LOSS
[ REPLAY ANALYSIS · EXTRACTED FROM THE RECORDED GAME ]
Feudal
11:44
Castle
20:06
Imperial
33:24
| APM avg | 68.0 |
| APM peak | 148 |
| eAPM avg | 40.5 |
| Villagers / military | 156 / 211 |
Focus
⚔️ 61.8% · 🌾 38.2%
Skirmisher ×78 · Eagle Scout ×60 · Archer ×59 · Trebuchet (Packed) ×5 · Mangonel ×4 · Militia ×3
Feudal
9:39
Castle
22:23
Imperial
35:47
| APM avg | 52.9 |
| APM peak | 99 |
| eAPM avg | 30.1 |
| Villagers / military | 165 / 195 |
Focus
⚔️ 35.9% · 🌾 64.1%
Skirmisher ×148 · Karambit Warrior ×20 · Militia ×14 · Bombard Cannon ×5 · Trade Cart ×4 · Monk ×3
Match map
Initial resources + every placement click. Lines = walls · curves = elevation contours. ◆ gold · ⬟ stone · ● berries · ✦ relic · ◌ wall gap
Your base· Open — 5t gap
YuYa_AoE's base· ✓ Closed at 22:23 · 37t walls · 1 gate(s)
Smoothed initial terrain · ◌ = detected wall gap · hover for details
Inputs per minute
— katzzlikemeowmix - - YuYa_AoE
Build order — katzzlikemeowmix
First 150 of 438 actions detected
| 0:00 | Queue | Villager (Male) |
| 0:02 | Build | House |
| 0:03 | Research | Loom |
| 0:05 | Build | House |
| 0:06 | Queue | Villager (Male) |
| 0:09 | Queue | Villager (Male) |
| 0:11 | Queue | Villager (Male) |
| 1:26 | Queue | Villager (Male) |
| 1:44 | Queue | Villager (Male) |
| 1:55 | Build | Lumber Camp |
| 2:20 | Queue | Villager (Male) |
| 2:48 | Queue | Villager (Male) |
| 3:07 | Queue | Villager (Male) |
| 3:34 | Queue | Villager (Male) |
| 3:49 | Queue | Villager (Male) |
| 4:18 | Build | House |
| 4:22 | Queue | Villager (Male) |
| 4:46 | Queue | Villager (Male) |
| 4:58 | Build | Barracks |
| 5:14 | Queue | Villager (Male) |
| 5:40 | Build | House |
| 5:42 | Queue | Villager (Male) |
| 6:00 | Queue | Villager (Male) |
| 6:00 | Queue | Villager (Male) |
| 6:12 | Queue | Militia |
| 6:15 | Queue | Militia |
| 6:24 | Build | Palisade Wall |
| 6:26 | Build | Palisade Wall |
| 6:49 | Queue | Villager (Male) |
| 7:19 | Queue | Villager (Male) |
| 7:25 | Queue | Militia |
| 7:31 | Queue | Villager (Male) |
| 8:03 | Build | House |
| 8:08 | Build | House |
| 8:10 | Build | Palisade Wall |
| 8:20 | Build | House |
| 8:22 | Queue | Villager (Male) |
| 8:23 | Build | Mill |
| 8:32 | Queue | Villager (Male) |
| 8:36 | Build | Mill |
| 8:41 | Build | Palisade Wall |
| 9:13 | Queue | Villager (Male) |
| 9:29 | Research | Feudal Age |
| 9:38 | Build | Lumber Camp |
| 9:44 | Build | Palisade Wall |
| 9:45 | Build | Palisade Wall |
| 9:47 | Build | Palisade Wall |
| 9:47 | Build | Palisade Wall |
| 9:48 | Build | Palisade Wall |
| 9:49 | Build | Palisade Wall |
| 9:49 | Build | Palisade Wall |
| 9:49 | Build | Palisade Wall |
| 9:50 | Build | Palisade Wall |
| 9:50 | Build | Palisade Wall |
| 9:51 | Queue | Villager (Male) |
| 10:00 | Build | House |
| 10:03 | Queue | Villager (Male) |
| 10:37 | Build | Farm |
| 11:12 | Queue | Villager (Male) |
| 11:16 | Build | Palisade Wall |
| 11:20 | Queue | Villager (Male) |
| 11:22 | Build | Farm |
| 11:24 | Build | Farm |
| 11:44 | Age | Feudal Age |
| 11:50 | Build | Mining Camp |
| 11:53 | Build | Mining Camp |
| 11:55 | Build | Archery Range |
| 12:17 | Research | Double-Bit Axe |
| 12:35 | Queue | Villager (Male) |
| 12:38 | Build | Farm |
| 12:44 | Build | Farm |
| 12:45 | Build | Farm |
| 13:07 | Build | Farm |
| 13:13 | Queue | Archer |
| 13:20 | Queue | Archer |
| 13:21 | Queue | Villager (Male) |
| 13:34 | Build | Farm |
| 13:49 | Queue | Archer |
| 13:55 | Queue | Villager (Male) |
| 14:03 | Build | Blacksmith |
| 14:09 | Queue | Archer |
| 14:15 | Queue | Villager (Male) |
| 14:29 | Queue | Archer |
| 14:39 | Build | Farm |
| 14:53 | Build | Farm |
| 14:54 | Research | Fletching |
| 14:55 | Queue | Villager (Male) |
| 15:00 | Build | Farm |
| 15:04 | Queue | Archer |
| 15:15 | Queue | Archer |
| 15:19 | Build | Farm |
| 15:22 | Queue | Villager (Male) |
| 15:35 | Queue | Archer |
| 15:37 | Queue | Skirmisher |
| 16:03 | Queue | Villager (Male) |
| 16:10 | Queue | Villager (Male) |
| 16:12 | Build | Farm |
| 16:12 | Build | Farm |
| 16:13 | Build | Farm |
| 16:13 | Build | Farm |
| 16:13 | Build | Farm |
| 16:21 | Queue | Archer |
| 16:34 | Queue | Villager (Male) |
| 16:37 | Build | House |
| 16:38 | Build | House |
| 17:13 | Build | Archery Range |
| 17:21 | Research | Castle Age |
| 17:46 | Queue | Skirmisher |
| 17:53 | Research | Padded Archer Armor |
| 17:59 | Queue | Archer |
| 18:04 | Research | Horse Collar |
| 18:08 | Build | Farm |
| 18:23 | Build | House |
| 18:24 | Build | House |
| 18:33 | Queue | Skirmisher |
| 18:33 | Queue | Skirmisher |
| 18:41 | Research | Gold Mining |
| 19:03 | Queue | Archer |
| 19:03 | Queue | Archer |
| 19:23 | Queue | Skirmisher |
| 19:23 | Queue | Skirmisher |
| 19:41 | Build | House |
| 19:42 | Build | Palisade Wall |
| 19:50 | Queue | Archer |
| 19:50 | Queue | Archer |
| 20:04 | Queue | Villager (Male) |
| 20:06 | Age | Castle Age |
| 20:08 | Research | Crossbowman (upgrade) |
| 20:10 | Research | Bodkin Arrow |
| 20:17 | Queue | Villager (Male) |
| 20:19 | Research | Elite Skirmisher (upgrade) |
| 20:24 | Queue | Villager (Male) |
| 20:35 | Research | Bow Saw |
| 21:19 | Queue | Villager (Male) |
| 21:20 | Queue | Archer |
| 21:20 | Queue | Archer |
| 21:23 | Queue | Villager (Male) |
| 21:29 | Build | Town Center |
| 21:31 | Queue | Villager (Male) |
| 21:32 | Build | Farm |
| 21:40 | Queue | Archer |
| 21:40 | Queue | Archer |
| 21:55 | Research | Wheelbarrow |
| 21:58 | Research | Town Watch |
| 21:59 | Queue | Villager (Male) |
| 22:25 | Research | Leather Archer Armor |
| 22:25 | Queue | Villager (Male) |
| 22:26 | Queue | Skirmisher |
| 22:26 | Queue | Skirmisher |
| 22:38 | Build | House |
Build order — YuYa_AoE
First 150 of 540 actions detected
| 0:01 | Queue | Villager (Male) |
| 0:01 | Queue | Villager (Male) |
| 0:01 | Queue | Villager (Male) |
| 0:02 | Build | House |
| 0:03 | Build | House |
| 0:08 | Queue | Villager (Male) |
| 0:08 | Queue | Villager (Male) |
| 1:23 | Queue | Villager (Male) |
| 1:59 | Queue | Villager (Male) |
| 2:25 | Build | Mill |
| 2:31 | Queue | Villager (Male) |
| 2:31 | Queue | Villager (Male) |
| 3:05 | Queue | Villager (Male) |
| 3:27 | Build | Palisade Gate |
| 3:40 | Queue | Villager (Male) |
| 3:43 | Build | House |
| 3:50 | Build | House |
| 3:54 | Queue | Villager (Male) |
| 3:54 | Queue | Villager (Male) |
| 4:11 | Research | Loom |
| 4:15 | Queue | Villager (Male) |
| 4:16 | Queue | Villager (Male) |
| 4:58 | Queue | Villager (Male) |
| 4:58 | Queue | Villager (Male) |
| 5:11 | Build | House |
| 5:23 | Queue | Villager (Male) |
| 5:29 | Queue | Villager (Male) |
| 5:29 | Queue | Villager (Male) |
| 5:53 | Build | Barracks |
| 5:58 | Queue | Villager (Male) |
| 6:03 | Queue | Villager (Male) |
| 6:30 | Queue | Villager (Male) |
| 6:35 | Build | House |
| 7:15 | Research | Loom |
| 7:58 | Research | Feudal Age |
| 8:00 | Build | Lumber Camp |
| 8:25 | Queue | Militia |
| 8:25 | Queue | Militia |
| 9:08 | Build | Mill |
| 9:23 | Queue | Militia |
| 9:39 | Age | Feudal Age |
| 9:50 | Queue | Villager (Male) |
| 10:05 | Queue | Villager (Male) |
| 10:22 | Queue | Villager (Male) |
| 10:23 | Queue | Villager (Male) |
| 10:25 | Build | Farm |
| 10:30 | Build | Palisade Wall |
| 10:33 | Build | House |
| 10:48 | Build | Farm |
| 10:53 | Build | Farm |
| 10:54 | Build | Farm |
| 10:55 | Queue | Villager (Male) |
| 10:55 | Queue | Villager (Male) |
| 11:03 | Queue | Villager (Male) |
| 11:07 | Build | Palisade Wall |
| 11:09 | Build | Palisade Wall |
| 11:19 | Queue | Villager (Male) |
| 11:43 | Queue | Villager (Male) |
| 11:43 | Queue | Villager (Male) |
| 11:55 | Queue | Villager (Male) |
| 12:16 | Queue | Villager (Male) |
| 12:39 | Queue | Villager (Male) |
| 12:39 | Queue | Villager (Male) |
| 12:44 | Queue | Villager (Male) |
| 12:56 | Research | Wheelbarrow |
| 13:15 | Build | Archery Range |
| 13:20 | Build | Farm |
| 13:28 | Research | Double-Bit Axe |
| 13:28 | Queue | Villager (Male) |
| 13:35 | Build | House |
| 13:39 | Build | House |
| 13:43 | Queue | Villager (Male) |
| 13:52 | Queue | Villager (Male) |
| 13:53 | Queue | Skirmisher |
| 13:53 | Queue | Skirmisher |
| 14:02 | Build | Palisade Gate |
| 14:09 | Build | Farm |
| 14:13 | Research | Man-at-Arms (upgrade) |
| 14:13 | Queue | Villager (Male) |
| 14:29 | Queue | Villager (Male) |
| 14:38 | Build | Lumber Camp |
| 14:41 | Build | House |
| 14:51 | Queue | Skirmisher |
| 14:54 | Build | Farm |
| 14:54 | Queue | Villager (Male) |
| 15:08 | Build | Farm |
| 15:12 | Build | House |
| 15:18 | Queue | Skirmisher |
| 15:19 | Queue | Villager (Male) |
| 15:21 | Queue | Villager (Male) |
| 15:37 | Build | Farm |
| 15:39 | Queue | Skirmisher |
| 15:54 | Queue | Skirmisher |
| 16:03 | Queue | Skirmisher |
| 16:05 | Queue | Villager (Male) |
| 16:11 | Build | Blacksmith |
| 16:14 | Queue | Skirmisher |
| 16:17 | Queue | Skirmisher |
| 16:17 | Queue | Villager (Male) |
| 16:21 | Queue | Skirmisher |
| 16:21 | Queue | Villager (Male) |
| 16:29 | Build | Farm |
| 16:34 | Build | Farm |
| 16:36 | Build | Farm |
| 16:37 | Queue | Villager (Male) |
| 16:40 | Build | House |
| 16:41 | Queue | Villager (Male) |
| 16:49 | Build | Mining Camp |
| 16:57 | Build | Palisade Wall |
| 17:02 | Build | House |
| 17:03 | Queue | Skirmisher |
| 17:10 | Build | House |
| 17:12 | Queue | Villager (Male) |
| 17:17 | Build | Farm |
| 17:17 | Queue | Villager (Male) |
| 17:28 | Build | Palisade Wall |
| 17:31 | Queue | Skirmisher |
| 17:35 | Queue | Skirmisher |
| 17:43 | Queue | Villager (Male) |
| 17:44 | Queue | Skirmisher |
| 17:57 | Build | Palisade Wall |
| 17:58 | Build | House |
| 18:03 | Research | Fletching |
| 18:12 | Build | House |
| 18:17 | Queue | Skirmisher |
| 18:17 | Queue | Villager (Male) |
| 18:23 | Queue | Villager (Male) |
| 18:26 | Build | Farm |
| 18:29 | Build | Farm |
| 18:43 | Build | House |
| 18:58 | Build | Market |
| 19:01 | Queue | Villager (Male) |
| 19:18 | Research | Wheelbarrow |
| 19:25 | Build | Farm |
| 19:28 | Build | Farm |
| 19:31 | Build | Farm |
| 19:47 | Build | House |
| 20:27 | Build | Farm |
| 20:34 | Research | Castle Age |
| 20:40 | Build | Farm |
| 21:14 | Research | Horse Collar |
| 21:15 | Research | Padded Archer Armor |
| 21:18 | Research | Padded Archer Armor |
| 21:22 | Build | Archery Range |
| 21:32 | Build | Palisade Wall |
| 21:59 | Build | House |
| 22:05 | Queue | Skirmisher |
| 22:12 | Build | Farm |
| 22:19 | Build | Palisade Wall |
| 22:23 | Queue | Skirmisher |
Match timeline
| 4:58 | katzzlikemeowmix · first_building Barracks |
| 5:53 | YuYa_AoE · first_building Barracks |
| 6:24 | katzzlikemeowmix · wall_segment Palisade Wall x6 |
| 6:26 | katzzlikemeowmix · wall_segment Palisade Wall x7 |
| 8:10 | katzzlikemeowmix · wall_segment Palisade Wall x5 |
| 8:41 | katzzlikemeowmix · wall_segment Palisade Wall x2 |
| 9:39 | YuYa_AoE · age_up feudal |
| 9:44 | katzzlikemeowmix · wall_segment Palisade Wall x1 |
| 9:45 | katzzlikemeowmix · wall_segment Palisade Wall x1 |
| 9:47 | katzzlikemeowmix · wall_segment Palisade Wall x1 |
| 9:47 | katzzlikemeowmix · wall_segment Palisade Wall x1 |
| 9:48 | katzzlikemeowmix · wall_segment Palisade Wall x1 |
| 9:49 | katzzlikemeowmix · wall_segment Palisade Wall x1 |
| 9:49 | katzzlikemeowmix · wall_segment Palisade Wall x1 |
| 9:49 | katzzlikemeowmix · wall_segment Palisade Wall x1 |
| 9:50 | katzzlikemeowmix · wall_segment Palisade Wall x1 |
| 9:50 | katzzlikemeowmix · wall_segment Palisade Wall x1 |
| 10:30 | YuYa_AoE · wall_segment Palisade Wall x2 |
| 11:07 | YuYa_AoE · wall_segment Palisade Wall x1 |
| 11:09 | YuYa_AoE · wall_segment Palisade Wall x1 |
| 11:16 | katzzlikemeowmix · wall_segment Palisade Wall x6 |
| 11:44 | katzzlikemeowmix · age_up feudal |
| 11:55 | katzzlikemeowmix · first_building Archery Range |
| 13:15 | YuYa_AoE · first_building Archery Range |
| 16:57 | YuYa_AoE · wall_segment Palisade Wall x12 |
| 17:28 | YuYa_AoE · wall_segment Palisade Wall x6 |
| 17:57 | YuYa_AoE · wall_segment Palisade Wall x9 |
| 19:42 | katzzlikemeowmix · wall_segment Palisade Wall x1 |
| 20:02 | YuYa_AoE · first_market_buy 100 food |
| 20:02 | YuYa_AoE · first_market_sell 100 wood |
| 20:06 | katzzlikemeowmix · age_up castle |
| 21:32 | YuYa_AoE · wall_segment Palisade Wall x5 |
| 22:19 | YuYa_AoE · wall_segment Palisade Wall x9 |
| 22:23 | YuYa_AoE · age_up castle |
| 24:49 | katzzlikemeowmix · first_building Siege Workshop |
| 25:21 | katzzlikemeowmix · first_building Monastery |
| 28:00 | YuYa_AoE · first_building Monastery |
| 30:09 | katzzlikemeowmix · first_market_sell 100 wood |
| 33:24 | katzzlikemeowmix · age_up imperial |
| 33:34 | katzzlikemeowmix · first_market_buy 100 food |
| 34:42 | katzzlikemeowmix · first_building Castle |
| 35:47 | YuYa_AoE · age_up imperial |
| 36:10 | YuYa_AoE · first_building Siege Workshop |
| 36:55 | YuYa_AoE · first_building Castle |
| 41:17 | katzzlikemeowmix · wall_segment Stone Wall x13 |
| 45:36 | YuYa_AoE · resign |
[ AI ANALYSIS · 1 CREDIT ]
What really happened in this match?
Wolo.gg analyzes every decision: build order, eco, micro, common mistakes by bracket. Personalized analysis on WhatsApp or Discord in 30 seconds.
Civ guide
Maya
Perfil
Jugador #1332385